 Dungeon Crawl Stone Soup version 0.31.0-11-ge490571c62 (webtiles) character file.

Game seed: 7126237845477214922

6735 Bravepunisher the Nimble (level 10, -1/51 HPs)
             Began as a Spriggan Monk on Jan 26, 2024.
             Was a High Priest of Makhleb.
             Slain by an unseen horror simulacrum (14 damage)
             ... on level 9 of the Dungeon on Jan 27, 2024.
             The game lasted 00:38:02 (7997 turns).

Bravepunisher the Nimble (Spriggan Monk)            Turns: 7997, Time: 00:38:02

Health: -1/51      AC:  3    Str:  7    XL:     10   Next: 75%
Magic:  28/28      EV: 30    Int: 19    God:    Makhleb [*****.]
Gold:   113        SH:  0    Dex: 23    Spells: 9/9 levels left

rFire   + . .        D - +6 war axe of Ru's Reproof {venom, ^Contam rF+ rN+++ MP+9}
rCold   . . .        (no shield)
rNeg    + + +        b - +0 robe
rPois   +            (helmet restricted)
rElec   .            c - +0 cloak
rCorr   .            (gloves unavailable)
SInv    +            (boots unavailable)
Will    +....        a - amulet of Paer {Regen+ Int+2}
Stlth   ++           d - ring of poison resistance
HPRegen 1.08/turn    k - +6 ring of intelligence
MPRegen 0.21/turn

%: no passive effects
@: very quick
A: very small, no large weapons, unfitting armour, see invisible, speed 3
a: Renounce Religion, Minor Destruction, Lesser Servant of Makhleb, Major
Destruction, Greater Servant of Makhleb


You were on level 9 of the Dungeon.
You worshipped Makhleb.
Makhleb was extremely pleased with you.
You visited 2 branches of the dungeon, and saw 10 of its levels.

You collected 498 gold pieces.
You spent 385 gold pieces at shops.

Inventory:

Hand Weapons
 D - the +6 war axe of Ru's Reproof (weapon) {venom, ^Contam rF+ rN+++ MP+9}
   (You bought it in a shop on level 9 of the Dungeon)

   rF+:       It protects you from fire.
   rN+++:     It renders you almost immune to negative energy.
   MP+9:      It affects your magic capacity (+9).
   ^Contam:   It causes magical contamination when unequipped.
Missiles
 C - 3 throwing nets (quivered)
Armour
 b - a +0 robe (worn)
 c - a +0 cloak (worn)
Jewellery
 a - the amulet of Paer (around neck) {Regen+ Int+2}
   (You took it off a goblin on level 3 of the Dungeon)

   [amulet of regeneration]

   Int+2:     It affects your intelligence (+2).
   Regen+:    It increases your rate of health regeneration.
 d - a ring of poison resistance (left hand)
 k - a +6 ring of intelligence (right hand)
Wands
 t - a wand of polymorph (11)
 v - a wand of paralysis (4)
 A - a wand of flame (17)
Scrolls
 e - a scroll of amnesia {unknown}
 f - 3 scrolls of identify
 g - 7 scrolls of vulnerability {unknown}
 i - 4 scrolls of teleportation
 j - 2 scrolls of fear {unknown}
 n - a scroll of poison {unknown}
 q - a scroll of enchant armour {unknown}
 r - a scroll of torment {unknown}
 x - a scroll of silence {unknown}
 y - a scroll of brand weapon {unknown}
 z - a scroll of acquirement {unknown}
 B - 2 scrolls of blinking {unknown}
Potions
 h - 3 potions of curing
 l - 2 potions of heal wounds {unknown}
 m - 3 potions of lignification {unknown}
 o - a potion of magic {unknown}
 p - a potion of might {unknown}
 s - 2 potions of brilliance {unknown}
 u - 2 potions of mutation {unknown}
 w - a potion of resistance {unknown}
 E - a potion of enlightenment {unknown}


   Skills:
 - Level 5.5 Fighting
 - Level 3.2 Short Blades
 - Level 1.0 Axes
 + Level 13.0 Dodging
 * Level 11.9 Invocations


You had 9 spell levels left.
You didn't know any spells.
Your spell library contained the following spells:

 Spells                   Type           Power      Damage    Failure   Level
 Kiss of Death            Conj/Necr      0%         2d5       21%         1
 Magic Dart               Conj           0%         1d3       21%         1
 Searing Ray              Conj           0%         2d4       30%         2
 Confusing Touch          Hex            0%         N/A       52%         3
 Dispel Undead            Necr           0%         3d6       90%         4
 Fulminant Prism          Conj/Alch      0%         3d5       90%         4


Dungeon Overview and Level Annotations

Branches:
Dungeon (9/15)             Temple (1/1) D:5
   Lair: D:8-11         Orc: D:9-12

Altars:
Ashenzari
Cheibriados
Dithmenos
Elyvilon
Fedhas
Gozag
Hepliaklqana
Kikubaaqudgha
Makhleb
Nemelex Xobeh
Okawaru
Qazlal
Sif Muna
Trog
Uskayaw
Vehumet
Yredelemnul
Zin

Shops:
D:3 *   D:4 ***[   D:9 *

Annotations:
Temple 2 transporters


Innate Abilities, Weirdness & Mutations

You are very small and have problems with some larger weapons.
You are too small for most types of armour.
You have supernaturally acute eyesight. (SInv)
You cover ground extremely quickly. (Speed+++)


Message History

Aim: a wyvern (moderately wounded)
The glob of acid misses the wyvern.
You hear a shout!
Unknown command.
You slash the wyvern!
The wyvern is heavily wounded.
The wyvern misses you. x3
The unseen horror simulacrum misses you.
Things that are here:
a +0 shortbow; a bullfrog corpse The unseen horror simulacrum closely misses you.
You slash the unseen horror simulacrum!
The unseen horror simulacrum is heavily damaged.
The unseen horror simulacrum misses you.
The unseen horror simulacrum completely misses you.
The unseen horror simulacrum hits you.
The unseen horror simulacrum freezes you!
You hit the wyvern.
The wyvern is severely wounded.
The wyvern completely misses you. The wyvern misses you.
You closely miss the wyvern.
The wyvern is severely wounded.
The wyvern completely misses you. The wyvern closely misses you.
A centaur comes into view.
The centaur shouts!
You hit the wyvern.
The wyvern is severely wounded.
You hear a horrible gurgling sound!
The wyvern barely misses you. The wyvern completely misses you.
You hear a shout!
You slash the wyvern!
You kill the wyvern!
Makhleb accepts your kill.
The unseen horror simulacrum completely misses you.
The unseen horror simulacrum hits you.
The unseen horror simulacrum freezes you!
The unseen horror simulacrum hits you.
* * * LOW HITPOINT WARNING * * *
The unseen horror simulacrum freezes you!
You die...

...# #..♣ ♣..♣ #. ...# ♣..♣ #♣..♣
#. ...# ♣..♣ #♣..♣ #. ...#
♣..♣♣♣♣..♣ #. ...# ♣.)♣♣..♣♣ #.
...# ♣♣...c♣♣ #. ...# ♣♣..♣♣ #.
...# ###♣Z♣ #### ### #. ...#
♣..@♣♣ ♣..♣♣ ♣♣.♣♣#. ...#♣♣.♣
♣.♣.♣ ♣.♣.♣♣♣...♣#. ......♣ ♣
♣.♣♣♣♣.♣♣.......). ...#♣♣.♣
♣♣.♣.♣♣.♣♣♣♣...♣#. ...# ♣))♣...♣
♣♣.♣♣#.
..4#############################.
...4.............................
......)........................."
.......4.........................


You could see a centaur and an unseen horror simulacrum.

Vanquished Creatures
  An arcanist (D:9)
  A manticore (D:9)
  A gargoyle (D:5)
  A hornet (D:9)
  A vampire (D:9)
  A shadow (D:9)
  A wyvern (D:9)
  A steam dragon (D:9)
  Duvessa (D:5)
  3 orc warriors
  An ice beast (D:6)
  A sky beast (D:8)
  3 black bears
  2 ogres
  5 centaurs
  A phantom (D:6)
  2 kobold brigands
  2 bullfrogs
  6 scorpions
  A wight (D:9)
  Dowan (D:5)
  7 killer bees
  A howler monkey (D:9)
  5 jellies
  3 gnoll boudas
  An orc priest (D:9)
  2 hounds
  2 iguanas
  4 orc wizards
  8 adders
  10 gnolls
  A white imp (D:5)
  4 dart slugs
  19 orcs
  8 ball pythons
  3 bats
  4 endoplasms
  4 giant cockroaches
  6 goblins
  6 hobgoblins
  6 jackals
  5 quokkas
  6 frilled lizards
  12 kobolds
  10 rats
174 creatures vanquished.

Vanquished Creatures (collateral kills)
  Harold (D:9)
  A centaur warrior (D:9)
  A troll (D:9)
  A wolf (D:8)
  A killer bee (D:6)
  A hound (D:8)
  A gnoll bouda (D:9)
  An orc wizard (D:8)
8 creatures vanquished.

Grand Total: 182 creatures vanquished

Notes
Turn   | Place    | Note
-------+----------+-------------------------------------------
     0 | D:1      | Bravepunisher the Spriggan Monk began the quest for the
                  | Orb.
     0 | D:1      | Reached XP level 1. HP: 11/11 MP: 2/2
   309 | D:2      | Reached XP level 2. HP: 16/16 MP: 3/3
   438 | D:2      | Reached XP level 3. HP: 14/20 MP: 4/4
   617 | D:4      | Noticed a black bear
   643 | D:5      | Entered Level 5 of the Dungeon
   650 | D:5      | Noticed an ogre
   729 | D:5      | Noticed a scorpion
   780 | D:4      | Found Haekhu's Assorted Antiques.
   961 | D:4      | Noticed a black bear
  1109 | D:6      | Noticed a scorpion
  1109 | D:6      | Noticed a scorpion
  1218 | D:6      | Noticed an ice beast
  1253 | D:6      | Noticed a scorpion
  1321 | D:6      | Noticed a phantom
  1490 | D:7      | Noticed a centaur
  1507 | D:7      | Killed a centaur
  1508 | D:7      | Reached skill level 5 in Dodging
  1508 | D:7      | Reached XP level 4. HP: 17/25 MP: 5/5
  1663 | D:7      | Noticed an orc warrior
  1778 | D:8      | Noticed a hornet
  1898 | D:7      | Noticed a kobold brigand
  2095 | D:5      | Found a staircase to the Ecumenical Temple.
  2096 | D:5      | Noticed Duvessa
  2098 | D:5      | Noticed Dowan
  2104 | Temple   | Found a transporter.
  2104 | Temple   | Found a transporter.
  2104 | Temple   | Found a transporter.
  2104 | Temple   | Found a transporter.
  2104 | Temple   | Entered the Ecumenical Temple
  2118 | Temple   | Became a worshipper of Makhleb the Destroyer
  2118 | Temple   | Reached * piety under Makhleb
  2118 | Temple   | Reached ** piety under Makhleb
  2699 | D:1      | Reached XP level 5. HP: 29/29 MP: 6/6
  3383 | D:3      | Found a faded altar of an unknown god.
  3453 | D:3      | Identified the amulet of Paer {Regen+ Int+2}
  3454 | D:3      | Reached skill level 1 in Invocations
  3759 | D:3      | Found Zin's Purification Station.
  3760 | D:3      | Found a glowing silver altar of Zin.
  3771 | D:3      | Reached *** piety under Makhleb
  4341 | D:4      | Reached skill level 6 in Dodging
  4341 | D:4      | Reached XP level 6. HP: 34/34 MP: 8/8
  4373 | D:4      | Reached skill level 5 in Fighting
  4511 | D:4      | Found Minkotz's Assorted Antiques.
  4541 | D:4      | Bought a scroll labelled VONTIE XOGHESCH for 25 gold pieces
  4541 | D:4      | Bought a scroll labelled VONTIE XOGHESCH for 25 gold pieces
  4541 | D:4      | Bought a scroll labelled UXZEASIRUR for 25 gold pieces
  4541 | D:4      | Bought a scroll labelled WIVANI XASTRYKLI for 25 gold
                  | pieces
  4638 | D:4      | Found Qyror's General Store.
  4661 | D:4      | Bought a potion of curing for 39 gold pieces
  4705 | D:4      | Reached XP level 7. HP: 32/39 MP: 8/10
  4849 | D:4      | Found Qohamat's Antique Armour Emporium.
  5037 | D:5      | Reached skill level 7 in Dodging
  5212 | D:5      | Noticed a gargoyle
  5256 | D:6      | Reached **** piety under Makhleb
  5323 | D:6      | Reached skill level 8 in Dodging
  5323 | D:6      | Reached XP level 8. HP: 40/44 MP: 12/12
  5606 | D:6      | Reached skill level 5 in Invocations
  5729 | D:5      | Killed a gargoyle
  5730 | D:5      | Reached skill level 9 in Dodging
  5746 | D:5      | Killed Duvessa
  5768 | D:5      | Killed Dowan
  6366 | D:6      | Reached XP level 9. HP: 47/47 MP: 15/15
  6422 | D:6      | Reached skill level 10 in Dodging
  7235 | D:8      | Noticed a troll
  7441 | D:9      | Reached skill level 11 in Dodging
  7510 | D:9      | Noticed Harold
  7535 | D:9      | Killed Harold
  7536 | D:9      | Reached skill level 10 in Invocations
  7536 | D:9      | Reached XP level 10. HP: 33/51 MP: 18/18
  7591 | D:9      | Found Ea-nāṣir's Fine Metal Goods.
  7595 | D:9      | Bought a masterwork war axe for 246 gold pieces
  7595 | D:9      | Identified the +6 war axe of Ru's Reproof {venom, ^Contam
                  | rF+ rN+++ MP+9} (You bought it in a shop on level 9 of the
                  | Dungeon)
  7686 | D:9      | Noticed a manticore
  7686 | D:9      | Noticed a centaur warrior
  7697 | D:9      | Killed a centaur warrior
  7698 | D:9      | Reached skill level 12 in Dodging
  7701 | D:9      | Killed a manticore
  7802 | D:9      | Reached skill level 1 in Axes
  7959 | D:9      | Noticed an arcanist
  7972 | D:9      | Killed an arcanist
  7972 | D:9      | Reached ***** piety under Makhleb
  7973 | D:9      | Reached skill level 13 in Dodging
  7997 | D:9      | Slain by an unseen horror simulacrum

Illustrated notes

Levels and vault maps discovered:
D:1:      ncdulo_lavacross, layout_loops_ring, nicolae_grassy_gnolls
D:2:      layout_loops_corners, minmay_3d_cube
D:3:      minmay_recursive_quarters, layout_rooms, zin_purify,
          ebering_ecumenical_altar_mist, minmay_misc_feat_more_columns,
          minmay_gold_behind_fungi
D:4:      layout_basic, serial_shops, nicolae_shop_getting_attention,
          nicolae_shop_crystal, nicolae_shop_waterfront,
          nicolae_shop_tiny_waterfront
D:5:      cheibrodos_barr_body, layout_cave_pools, minmay_temple_entry_junction,
          uniq_duvessa
D:6:      layout_layer_cave, minmay_misc_feat_square
D:7:      layout_loops_corners
D:8:      layout_basic, mainiacjoe_overflow_catwalk, erik_lair_island,
          interstate_on_off
D:9:      nzn_winding_woodlands_large [nzn_winding_woodlands_5x5_cross,
          nzn_winding_woodlands_5x15_jagged,
          nzn_winding_woodlands_5x5_open_star,
          nzn_winding_woodlands_center_diamonds,
          nzn_winding_woodlands_15x15_thick_spiral,
          nzn_winding_woodlands_center_pierced_h,
          nzn_winding_woodlands_5x5_checkerboard,
          nzn_winding_woodlands_5x15_pool, nzn_winding_woodlands_5x5_perimeter],
          layout_irregular_city, gammafunk_temple_overflow_elements,
          st_stairs_13, nicolae_ea-nasir_strikes_again, minmay_misc_feat_five,
          uniq_harold
Temple:   hellmonk_temple_divided_pantheon

Skill      XL: |  1  2  3  4  5  6  7  8  9 10 |
---------------+-------------------------------+-----
Fighting       | 3 4 5 |  5.5
Dodging        | 5 6 8 9 11 13 | 13.0
Invocations    | 1 2 4 7 10 11 | 11.9
Axes           | 1 |  1.0
Short Blades   | |  3.2

Action                     |  1- 3 |  4- 6 |  7- 9 | 10-12 || total
---------------------------+-------+-------+-------+-------++-------
  Melee: Short sword       |    97 |    22 |       |       ||   119
         Dagger            |       |    38 |    76 |       ||   114
         Punch             |       |     1 |     1 |     3 ||     5
         War axe           |       |       |       |    64 ||    64
  Throw: Throwing net      |       |       |       |     1 ||     1
 Invoke: Minor Destruction |       |   136 |   230 |    38 ||   404
         Lesser Servant of |       |       |     3 |     1 ||     4
  Evoke: Wand              |       |       |     2 |       ||     2
    Use: Potion            |     2 |       |       |     2 ||     4
         Scroll            |       |       |       |     2 ||     2
   Stab: Sleeping          |     1 |       |       |     1 ||     2
         Invisible         |     1 |       |       |       ||     1
         Paralysed         |       |       |     3 |       ||     3
 Armour: Robe              |    31 |    24 |    31 |    41 ||   127
  Dodge: Dodged            |    93 |    96 |   138 |   148 ||   475
